 Dungeon Crawl Stone Soup version 0.22.0-16-gc6d26f6 (webtiles) character file.

1451 Faca the Skirmisher (level 8, -3/74 HPs)
             Began as a Centaur Hunter on Aug 17, 2018.
             Slain by a hound (4 damage)
             ... on level 5 of the Dungeon.
             The game lasted 00:18:52 (7333 turns).

Faca the Skirmisher (Centaur Hunter)                Turns: 7333, Time: 00:18:53

Health: -3/74      AC:  6    Str: 17    XL:     8   Next: 47%
Magic:  8/8        EV:  8    Int: 10    God:
Gold:   200        SH:  0    Dex: 10    Spells: 7/7 levels left

rFire    . . .     SeeInvis .   e - +0 spear
rCold    . . .     Gourm    .   (no shield)
rNeg     . . .     Faith    .   m - +0 ring mail
rPois    .         Spirit   .   (no helmet)
rElec    .         Reflect  .   (no cloak)
rCorr    .         Harm     .   l - +0 pair of gloves
MR       .....                  (no barding)
Stlth    ..........             u - amulet of the acrobat
HPRegen  0.22/turn              (no ring)
MPRegen  0.11/turn              (no ring)

@: very quick
A: large, hooves 3, deformed body, speed 2, tough skin 3
a: no special abilities


You were on level 5 of the Dungeon.
You were not hungry.

You visited 2 branches of the dungeon, and saw 7 of its levels.

You collected 200 gold pieces.

Inventory:

Hand Weapons
 a - a +1 shortbow
 e - a +0 spear (weapon)
Missiles
 d - 94 arrows
Armour
 l - a +0 pair of gloves (worn)
 m - a +0 ring mail (worn)
Jewellery
 u - an amulet of the acrobat (around neck)
Wands
 q - a wand of paralysis (28)
 s - a wand of acid (9)
 x - a wand of flame (21)
 z - a wand of digging (10)
Scrolls
 c - 4 scrolls of fog
 g - a scroll of remove curse
 h - 2 scrolls of magic mapping
 i - 6 scrolls of teleportation
 r - a scroll of amnesia {unknown}
 t - 3 scrolls of identify {unknown}
 v - a scroll of enchant weapon {unknown}
 w - a scroll of enchant armour {unknown}
 y - a scroll of fear
Potions
 b - a potion of curing
 j - a potion of degeneration {unknown}
 k - 2 potions of heal wounds {unknown}
 n - a potion of ambrosia {unknown}
 o - a potion of brilliance {unknown}
 p - 3 potions of lignification {unknown}
Comestibles
 f - 2 rations


   Skills:
 + Level 7.8 Fighting
 + Level 6.5 Polearms
 - Level 5.3 Bows
 - Level 1.3 Dodging
 - Level 0.4 Stealth


You had 7 spell levels left.
You didn't know any spells.
Your spell library was empty.

Dungeon Overview and Level Annotations

Branches:
Dungeon (6/15)             Temple (1/1) D:4

Altars:
Ashenzari
Dithmenos
Elyvilon
Hepliaklqana
Kikubaaqudgha
Makhleb
Nemelex Xobeh
Qazlal
Sif Muna
Trog
Wu Jian
Xom
Yredelemnul
Zin
The Shining One

Annotations:
D:6 Pikel


Innate Abilities, Weirdness & Mutations

You have hooves in place of feet.
Armour fits poorly on your strangely shaped body.
You cover ground very quickly.
You have extremely tough skin. (AC +3)


Message History

The hound is heavily wounded.
The hound barely misses you.
You closely miss the hound.
The hound is heavily wounded.
The hound bites you.
* * * LOW HITPOINT WARNING * * *
You barely miss the hound.
The hound is heavily wounded.
The hound bites you but does no damage.
You barely miss the hound.
The hound is heavily wounded.
The hound bites you.
* * * LOW HITPOINT WARNING * * *
You completely miss the hound.
The hound is heavily wounded.
The hound closely misses you.
You hit the hound.
The hound is heavily wounded.
The hound bites you.
You die...

################
...............#
##############.#
.........#####.########
.#######.........##...# .#
#######>op.....# .# #####
###h##...# .######...####
#@###.###### .............#
#..........#
...####......###..........# ##.#
##.......#..[.......# #.#
#..................#######
#.#####.......#....<...........#
#.....#.#...####.........#####.#
#####.#.#...# #.........# #....
#......## ##.........###.#.#


You could see a slave, a hound and an orc.

Vanquished Creatures
  Sigmund (D:3)
  2 ice beasts (D:5)
  A slave (D:5)
  3 ogres
  A phantom (D:4)
  A centaur (D:5)
  2 bullfrogs
  A scorpion (D:5)
  A howler monkey (D:5)
  An orc priest (D:4)
  2 orc wizards (D:4)
  Natasha (twice) (D:2)
  3 iguanas
  3 worker ants
  A worker ant zombie (D:5)
  7 adders
  An adder skeleton (D:2)
  2 worms (D:4)
  3 dart slugs
  6 leopard geckos
  13 orcs
  8 giant cockroaches
  2 gnoll zombies (D:2)
  4 hobgoblins
  6 jackals
  2 quokkas
  6 bats
  7 frilled lizards
  9 goblins
  6 kobolds
  3 rats
110 creatures vanquished.

Notes
Turn   | Place    | Note
-------+----------+-------------------------------------------
     0 | D:1      | Faca the Centaur Hunter began the quest for the Orb.
     0 | D:1      | Reached XP level 1. HP: 17/17 MP: 1/1
   229 | D:1      | Reached XP level 2. HP: 4/25 MP: 2/2
   740 | D:2      | Found a stormy altar of Qazlal.
   740 | D:2      | Noticed Sigmund
   791 | D:2      | Reached skill level 3 in Fighting
   850 | D:2      | Reached skill level 1 in Polearms
   850 | D:2      | Reached XP level 3. HP: 24/31 MP: 3/3
  1202 | D:2      | Found an ancient bone altar of Kikubaaqudgha.
  1346 | D:2      | Reached XP level 4. HP: 14/40 MP: 4/4
  1606 | D:2      | Noticed an earth elemental
  1609 | D:2      | Noticed a water elemental
  1609 | D:2      | Noticed a fire elemental
  1609 | D:2      | Noticed an air elemental
  1823 | D:2      | Found a basalt altar of Yredelemnul.
  1961 | D:2      | Noticed Natasha
  1972 | D:2      | Killed Natasha
  1972 | D:2      | Reached skill level 4 in Fighting
  2093 | D:2      | Noticed Natasha
  2103 | D:2      | Killed Natasha
  2103 | D:2      | Reached XP level 5. HP: 30/46 MP: 5/5
  2429 | D:3      | Noticed an ogre
  2487 | D:3      | Killed an ogre
  2487 | D:3      | Reached XP level 6. HP: 55/55 MP: 6/6
  2614 | D:3      | Found a glowing silver altar of Zin.
  2846 | D:4      | Found a staircase to the Ecumenical Temple.
  2881 | Temple   | Entered the Ecumenical Temple
  3066 | D:4      | Reached skill level 5 in Fighting
  3910 | D:4      | Reached XP level 7. HP: 19/62 MP: 7/7
  4172 | D:4      | Reached skill level 6 in Fighting
  4637 | D:3      | Killed Sigmund
  4637 | D:3      | Reached skill level 5 in Polearms
  5274 | D:5      | Entered Level 5 of the Dungeon
  5415 | D:5      | Reached skill level 7 in Fighting
  5415 | D:5      | Reached XP level 8. HP: 14/73 MP: 8/8
  7306 | D:6      | Noticed Pikel
  7327 | D:5      | HP: 2/74 [hound (3)]
  7333 | D:5      | Slain by a hound

Skill      XL: |  1  2  3  4  5  6  7  8 |
---------------+-------------------------+-----
Fighting       | 3 4 5 7 |  7.8
Polearms       | 1 2 3 4 5 6 |  6.5
Bows           | |  5.3
Dodging        | |  1.3
Stealth        | |  0.4

Action                   |  1- 3 |  4- 6 |  7- 9 || total
-------------------------+-------+-------+-------++-------
Melee: Short sword       |    19 |       |       ||    19
       Spear             |    99 |   222 |   300 ||   621
       Kick              |    17 |    39 |    64 ||   120
 Fire: Shortbow          |     1 |       |     6 ||     7
Evoke: Wand              |       |     2 |     4 ||     6
  Use: Potion            |       |     1 |       ||     1
       Scroll            |       |       |     7 ||     7
 Stab: Paralysed         |       |     3 |     6 ||     9
  Eat: Chunk             |     1 |     3 |     1 ||     5
       Ration            |       |     2 |     2 ||     4
Armor: Leather armour    |    11 |       |       ||    11
       Ring mail         |    26 |    71 |    88 ||   185
Dodge: Dodged            |    46 |    81 |    90 ||   217
